wizbiz, neutral female human Wizard ####&#f######## #----- --------- #|...| ----------- |....$.... ##.....#####|.........+ |. #|...| #..........| | ----- |.........| |.........| ----.------ # ### # ###`####################### # ### # ## # # # --+--# |...|# |.<.-# |.#.| ----- wizbiz the Conjurer Experience level: 4 Strength: 12 Dexterity: 18 Constitution: 11 Intelligence: 17 Wisdom: 11 Charisma: 9 Health: 0(34) Energy: 7(32) Def: 3 Gold: 384 Moves: 2788 Dungeon seed: 4DojfuosOZyrOuQH Game ID: wizbiz_1526440193 Your Inventory: Coins $ - 384 gold pieces Weapons a - a blessed +1 quarterstaff (weapon in hands) u - 11 cursed -2 crossbow bolts Armor e - an uncursed +2 cloak of magic resistance (being worn) q - an uncursed +0 plate mail y - an uncursed +0 dwarvish cloak Scrolls j - an uncursed scroll of light v - an uncursed scroll of teleportation B - a blessed scroll of teleportation Spellbooks k - a blessed spellbook of force bolt l - an uncursed spellbook of identify Potions f - an uncursed potion of blindness g - a potion of holy water h - an uncursed potion of oil s - 2 uncursed potions of water Rings c - an uncursed ring of shock resistance (on left hand) d - an uncursed ring of invisibility (on right hand) x - an uncursed ring of slow digestion A - an uncursed ring of free action Wands b - a wand of light (0:12) n - a wand of speed monster (0:7) r - a wand of striking (0:7) Tools t - an uncursed wooden harp C - an uncursed towel Gems z - an uncursed opal Spells and supernatural/magical abilities: Name Level Category Fail Memory a - force bolt 1 attack 0% 87% I - identify 3 divination 93% 87% W - pray for help -- divine ? -- Your skills at the end: Fighting Skills Weapon Skills quarterstaff [Basic] Spellcasting Skills attack spells [Basic] enchantment spells [Basic] Final Attributes: You were piously aligned. You were shock resistant. You were magic-protected. You were invisible. You are dead. Vanquished creatures: a gray ooze a kitten a dwarf a homunculus a wererat a werejackal a gas spore a hobbit a green mold a gnome 6 jackals a fox a kobold a goblin 5 grid bugs a lichen 2 kobold zombies 5 newts 32 creatures vanquished. Voluntary challenges: You used a wielded weapon 32 times, starting on turn 167. You read items or engraved 8 times, starting on turn 2. You never genocided any monsters. You never polymorphed an object. You never changed form. You used no wishes. You never split a pudding. You wrote Elbereth's name 4 times, starting on turn 2695. You never violated your personal moral code. Dungeon overview: The Dungeons of Doom: levels 1 to 5 Level 1 a sink a long staircase Level 2 a weapon shop Level 3 Level 4 stairs to The Gnomish Mines Level 5 <- You were here a sink The Gnomish Mines: Level 5 stairs to The Dungeons of Doom History has recorded: On T:1 you entered the Dungeons of Doom to retrieve the Amulet of Yendor! On T:28 you reached level 2 of The Dungeons of Doom. On T:430 you advanced to experience level 2. On T:527 you reached level 3 of The Dungeons of Doom. On T:1215 you advanced to experience level 3. On T:1867 you reached level 4 of The Dungeons of Doom. On T:2011 you reached level 1 of The Gnomish Mines. On T:2109 you advanced to experience level 4. On T:2118 you reached level 5 of The Dungeons of Doom. Score breakdown: Gold: 384 ( 8794 points) Experience: 4 levels ( 9649 points) Exploration: 5 levels ( 10.00%) ( 8571 points) Discoveries: 0 items ( 0.00%) ( 0 points) Valuables value: (no points given unless you survive) Artifact value: 0 ( 0 points) Variety of kills: 18 monsters ( 4.72%) ( 6520 points) Turncount: 2788 turns ( -491 points) Survival: died (score multiplied by 80%) Total score: 26434 Latest messages: You read: "Elbe??th". The spell misses the water demon. The spell misses the water demon. The spell misses the water demon. The spell misses the water demon. Something is written here in the dust. You read: "El?e??th". You are beginning to feel hungry. You don't have anything to eat. You displace your kitten. You stop exploring. You write in the dust with your fingers. The water demon swings his bow. The water demon hits! (2x) The water demon bites! The water demon swings his bow. The water demon hits! You die... Final status: Goodbye wizbiz the Wizard, killed by a water demon... You died in The Dungeons of Doom on dungeon level 5 with 26434 points, and 384 pieces of gold, after 2788 moves. You were level 4 with a maximum of 34 hit points when you died.